AoeStats
← coco13264409

Hideout

509393964Analyzed
1v1 RM · 6d ago on Sep 26, 2026· 44m 18s· 2 players
Game mode
Random Map
Map size
Tiny (2 player)
Population
200
Speed
Normal
Resources
Standard
Victory
Conquest
Starting age
Dark Age
Ending age
Imperial Age
RankedLock teamsTeams togetherTeam positionsShared explorationLock speedFull tech treeHidden civsTurbo modeCheats
Victory
Defeat
🇺🇸 Wei · United States
1006
+16
🇨🇭 Cumans · Switzerland
1005
-16
coco13264409
7:59 Loom
10:01 Feudal Age
10:38 Double-Bit Axe
17:03 Castle Age
15:47 Horse Collar
18:09 Bloodlines
18:17 Bow Saw
18:43 Heavy Plow
19:35 Gold Mining
22:15 Capped Ram
25:32 Fletching
25:48 Scale Barding Armor
28:22 Wheelbarrow
28:58 Bodkin Arrow
29:26 Ballistics
30:12 Hand Cart
35:40 Imperial Age
35:46 Imperial Age
33:59 Crossbowman
34:43 Padded Archer Armor
35:04 Chain Barding Armor
34:49 Squires
35:20 Thumb Ring
35:50 Light Cavalry
37:11 Gold Shaft Mining
37:36 Leather Archer Armor
37:57 Plate Barding Armor
37:40 Stone Mining
39:47 Chemistry
39:20 Ring Archer Armor
38:59 Hussar
41:21 Conscription
42:52 Siege Ram
yC%N%9dMZFreaK&8$
4:00 Loom
10:16 Feudal Age
11:22 Double-Bit Axe
11:29 Horse Collar
13:11 Wheelbarrow
19:16 Castle Age
17:26 Gold Mining
18:36 Stone Mining
19:10 Bloodlines
20:00 Heavy Plow
20:14 Bow Saw
20:22 Husbandry
19:49 Pikeman
21:18 Scale Barding Armor
21:24 Forging
21:34 Town Watch
21:50 Light Cavalry
21:55 Pikeman
23:58 Scale Mail Armor
24:00 Squires
24:54 Gold Shaft Mining
26:23 Stone Shaft Mining
26:53 Chain Mail Armor
32:00 Imperial Age
32:09 Ballistics
32:33 Halberdier
34:00 Block Printing
34:25 Ballistics
34:31 Fletching
35:46 Chemistry
35:46 Bodkin Arrow
36:16 Hand Cart
35:57 Heavy Scorpion
38:07 Bracer
38:43 Chain Barding Armor
38:59 Iron Casting
38:31 Tuntian
44:59 Blast Furnace
Connection lost

Rejoining the realm…

Still unreachable

The connection could not be restored.

Session expired

The server has moved on; the page needs a fresh start.